 Dungeon Crawl Stone Soup version 0.28-a0-1524-ge72afd5fc6 (webtiles) character file.

Game seed: 15164648690370132399

5 psuckher the Sneak (level 1, -10/19 HPs)
             Began as a Barachi Delver on Jan 17, 2022.
             Mangled by Prince Ribbit (19 damage)
             ... on level 5 of the Dungeon.
             The game lasted 00:00:24 (99 turns).

psuckher the Sneak (Barachi Delver)                   Turns: 99, Time: 00:00:25

Health: -10/19     AC:  3    Str: 13    XL:     1   Next: 80%
Magic:  1/1        EV: 12    Int: 10    God:
Gold:   25         SH:  0    Dex: 13    Spells: 0/0 levels left

rFire   . . .      SeeInvis .   a - +0 short sword
rCold   . . .      Faith    .   (no shield)
rNeg    . . .      Spirit   .   b - +0 leather armour
rPois   .          Reflect  .   (no helmet)
rElec   .          Harm     .   (no cloak)
rCorr   .          Rampage  .   (no gloves)
Will    .....                   (no boots)
Stlth   ++........              (no amulet)
HPRegen 0.06/turn               (no ring)
MPRegen 0.07/turn               (no ring)

@: slow
A: amphibious, slowness 1, strong legs 1, +LOS
a: Hop


You were on level 5 of the Dungeon.
You visited 1 branch of the dungeon, and saw 1 of its levels.

You collected 25 gold pieces.

Inventory:

Hand Weapons
 a - a +0 short sword (weapon)
Armour
 b - a +0 leather armour (worn)
Wands
 g - a wand of digging (3)
Scrolls
 c - a scroll of fog
 d - a scroll of magic mapping
 e - a scroll of fear
Potions
 f - a potion of haste


   Skills:
 + Level 3.7 Fighting
 + Level 2.2 Short Blades
 + Level 2.2 Dodging
 + Level 4.7 Stealth


You couldn't memorise any spells.
You didn't know any spells.
Your spell library was empty.

Dungeon Overview and Level Annotations

Branches:
Dungeon (5/15)
 Temple: D:4-7

Altars:
Trog

Annotations:
D:5 Prince Ribbit


Innate Abilities, Weirdness & Mutations

You are amphibious.
You cover ground slowly.
You can hop short distances.
You have an extended range of vision and can be seen from far away.


Message History

The worm is heavily wounded.
You completely miss the worm.
The worm is heavily wounded.
The worm misses you.
You hit the worm but do no damage.
The worm is heavily wounded.
You barely miss the worm.
The worm is heavily wounded.
The worm completely misses you.
You hit the worm.
The worm is heavily wounded.
The worm bites you but does no damage.
You completely miss the worm.
The worm is heavily wounded.
You hit the worm.
The worm is severely wounded.
The worm bites you.
You barely miss the worm.
The worm is severely wounded.
You hit the worm but do no damage.
The worm is severely wounded.
The worm bites you!
You hit the worm.
You kill the worm!
You see here a worm corpse.
You see here a worm corpse.
Things that are here:
a +0 short sword; an orc corpse
There are no items here.
Found a bloodstained altar of Trog.
You see here 19 stones.
Prince Ribbit comes into view.
Found 12 arrows.
Flames erupt from the bowels of the wizard!
Trog roars with satisfaction!
The wizard is engulfed in blazing flames. x2
The wizard is engulfed in blazing flames.
The wizard dies!
Prince Ribbit hits you!!
Ouch! That really hurt!
You die...

#( #.........#### .#
#.........# # .
##.......## #.
#.........#
#.##.........#
#########............#
....... #..........####
###...###...(..).......
#ยง#._F@...#.......####.
###...######.....## ##
....... ####.#######
######## #.........#
#......>..# #.........#
#.........# ###########


You could see Prince Ribbit.

Vanquished Creatures
  A worm (D:5)
  An orc (D:5)
2 creatures vanquished.

Vanquished Creatures (others)
  A wizard (D:5)
1 creature vanquished.

Grand Total: 3 creatures vanquished

Notes
Turn   | Place    | Note
-------+----------+-------------------------------------------
     0 | D:5      | psuckher the Barachi Delver began the quest for the Orb.
     0 | D:5      | Reached XP level 1. HP: 18/18 MP: 1/1
    90 | D:5      | Found a bloodstained altar of Trog.
    91 | D:5      | Noticed Prince Ribbit
    93 | D:5      | Noticed a wizard
    97 | D:5      | Killed a wizard
    99 | D:5      | Mangled by Prince Ribbit

Illustrated notes

Levels and vault maps discovered:
D:5:      layout_rooms, trog_wizard, old_standard_altar, minmay_fountain_box,
          minmay_manual_monstrance, uniq_prince_ribbit1

Action                   || total
-------------------------++-------
Melee: Short sword       ||    17
       Punch             ||     1
Armor: Leather armour    ||     1
Dodge: Dodged            ||     4

Table legend: (Time is in decaauts)
 A = Elapsed time spent in this place.
 B = Non-inter-level travel time spent in this place.
 C = Inter-level travel time spent in this place.
 D = Time resting spent in this place.
 E = Time spent auto-exploring this place.
 F = Levels seen in this place.
 G = Mean time per level.
                   A        B        C        D        E       F      G
               +--------+--------+--------+--------+--------+-----+--------+
         Total |    114 |    114 |      0 |      0 |      0 |   1 |  114.0 |
       Dungeon |    114 |    114 |      0 |      0 |      0 |   1 |  114.0 |
               +--------+--------+--------+--------+--------+-----+--------+

Top non-repeatable levels by time:
     D:5: 114 daAuts
